[Event "December 19 Early 2023"]
[Site "https://www.chess.com"]
[Date "2023.12.19"]
[Round "7"]
[White "Petrukhina, Olga"]
[Black "Tikhonov, Viacheslav"]
[Result "0-1"]
[Board "158"]
[TimeControl "180+1"]
[WhiteFideId "13703935"]
[BlackFideId "44196407"]
[WhiteElo "1991"]
[BlackElo "2209"]
[WhiteTeam "KAZ"]
[BlackTeam "RUS"]
[WhiteClock "0:00:00"]
[BlackClock "0:00:04"]

1. d4 Nf6 2. c4 g6 3. Nc3 d5 4. Nf3 Bg7 5. Bg5 Ne4 6. Bh4 c5 7. cxd5 Qa5 8. Qa4+ Qxa4 9. Nxa4 cxd4 10. Nd2 Bf5 11. Rc1 Bh6 12. e3 dxe3 13. Bb5+ Nd7 14. Nxe4 exf2+ 15. Kxf2 Bxc1 16. Rxc1 Bxe4 17. Rc7 Bf5 18. Nc5 Rd8 19. Nxb7 Rb8 20. Nc5 Kd8 21. Rxd7+ Bxd7 22. Bxd7 Rxb2+ 23. Ke3 Rc2 24. Kd4 Rxc5 25. Kxc5 Kxd7 26. Bg3 Rc8+ 27. Kd4 Rc2 0-1

[Event "December 19 Early 2023"]
[Site "https://www.chess.com"]
[Date "2023.12.19"]
[Round "7"]
[White "Kohler, Aran"]
[Black "Kanyamarala, Tarun"]
[Result "0-1"]
[Board "159"]
[TimeControl "180+1"]
[WhiteFideId "1002856"]
[BlackFideId "45004714"]
[WhiteElo "2284"]
[BlackElo "2318"]
[WhiteTeam "NED"]
[BlackTeam "IRL"]
[WhiteClock "0:00:03"]
[BlackClock "0:00:11"]

1. d4 e6 2. Nf3 f5 3. Bg5 Nf6 4. Nbd2 Be7 5. Bxf6 Bxf6 6. e4 O-O 7. exf5 exf5 8. Be2 d5 9. O-O Nc6 10. c4 Nxd4 11. Nxd4 Bxd4 12. cxd5 Bxb2 13. Rb1 Be5 14. Bc4 Bd6 15. Nf3 Rf6 16. Re1 Rh6 17. h4 a6 18. Qd4 b5 19. Bb3 Bd7 20. Rbc1 Rb8 21. g3 f4 22. Kg2 Rg6 23. Bc2 Rg4 24. Ng5 f3+ 25. Kxf3 Rxd4 26. Bxh7+ Kf8 27. Ne6+ Bxe6 28. Rxe6 Rxd5 29. Rce1 Qd7 30. Bg6 Kg8 31. R1e4 Rf8+ 32. Kg2 Rd2 33. Re2 Rxe2 34. Rxe2 Qc6+ 35. Be4 Qc4 36. f3 Qxe2+ 0-1

[Event "December 19 Early 2023"]
[Site "https://www.chess.com"]
[Date "2023.12.19"]
[Round "7"]
[White "noblerone"]
[Black "Barwinska, Ewa"]
[Result "1-0"]
[Board "160"]
[TimeControl "180+1"]
[BlackFideId "21833761"]
[WhiteElo "2494"]
[BlackElo "1879"]
[BlackTeam "POL"]
[WhiteClock "0:00:39"]
[BlackClock "0:00:40"]

1. d4 b6 2. Nf3 Bb7 3. g3 d6 4. Bg2 c5 5. O-O Nd7 6. b3 Ngf6 7. Bb2 cxd4 8. Bxd4 e5 9. Bb2 Be7 10. c4 O-O 11. Nc3 Nc5 12. Qd2 Nce4 13. Nxe4 Nxe4 14. Qc2 Ng5 15. Nxg5 Bxg5 16. Bxb7 Rb8 17. Bg2 f5 18. Rad1 Qe7 19. Qd3 Rbd8 20. b4 Kh8 21. Qd5 f4 22. Bh3 Qf6 23. Qe6 Qxe6 24. Bxe6 Rf6 25. Bh3 Rh6 26. Bg2 Rc8 27. Bd5 Rf6 28. Kg2 h5 29. a3 h4 30. Rd3 Re8 31. Be4 Kg8 32. Rfd1 Rd8 33. c5 bxc5 34. bxc5 fxg3 35. hxg3 h3+ 36. Kxh3 Rxf2 37. Rxd6 Rxd6 38. cxd6 Rxe2 39. Bd5+ Kf8 40. Bc3 Re3 41. Bd2 Rd3 42. d7 Rxd5 43. Bb4+ 1-0

[Event "December 19 Early 2023"]
[Site "https://www.chess.com"]
[Date "2023.12.19"]
[Round "7"]
[White "Sadovsky, Artem"]
[Black "Golubenko, Valentina"]
[Result "1-0"]
[Board "161"]
[TimeControl "180+1"]
[WhiteFideId "4155840"]
[BlackFideId "4501993"]
[WhiteElo "2314"]
[BlackElo "2126"]
[WhiteTeam "FID"]
[BlackTeam "CRO"]
[WhiteClock "0:00:58"]
[BlackClock "0:00:01"]

1. Nf3 d5 2. e3 c6 3. c4 Nf6 4. b3 g6 5. Bb2 Bg7 6. Be2 O-O 7. O-O Bf5 8. d3 Nbd7 9. Nbd2 a5 10. Nd4 e5 11. Nxf5 gxf5 12. Qc2 Qe7 13. cxd5 Nxd5 14. Nc4 Nb4 15. Qd2 b5 16. Nxa5 Rxa5 17. a3 Ra7 18. axb4 Rfa8 19. Rfc1 c5 20. Rxa7 Rxa7 21. bxc5 Nxc5 22. Qb4 Rc7 23. Qxb5 Bf8 24. Ba3 Qd7 25. Rxc5 Qxb5 26. Rxb5 Bxa3 27. Rxe5 Rc1+ 28. Bf1 Kg7 29. Rxf5 Kg6 30. g4 Rb1 31. Rb5 Be7 32. Kg2 h5 33. h3 hxg4 34. hxg4 Bg5 35. f4 Bf6 36. g5 Kg7 37. gxf6+ Kxf6 38. Be2 Rb2 39. Kf3 1-0

[Event "December 19 Early 2023"]
[Site "https://www.chess.com"]
[Date "2023.12.19"]
[Round "7"]
[White "Valle Luis, Leo"]
[Black "Fernandez Hernandez, Gerardo"]
[Result "1/2-1/2"]
[Board "162"]
[TimeControl "180+1"]
[WhiteFideId "54577187"]
[BlackFideId "2207400"]
[WhiteElo "2143"]
[BlackElo "2265"]
[WhiteTeam "ESP"]
[BlackTeam "ESP"]
[WhiteClock "0:00:08"]
[BlackClock "0:00:07"]

1. e4 e6 2. d4 d5 3. e5 c5 4. c3 Nc6 5. Nf3 Qb6 6. a3 f6 7. Be2 fxe5 8. Nxe5 Nf6 9. O-O cxd4 10. Nxc6 bxc6 11. cxd4 Bd6 12. Nc3 O-O 13. b4 e5 14. Be3 e4 15. Rc1 Be6 16. h3 Rac8 17. Na4 Qd8 18. Nc5 Bf5 19. Qa4 Qe7 20. Ba6 Rc7 21. Nb3 Qd7 22. Nc5 Qe7 23. Rfe1 Nd7 24. Bf1 Qh4 25. Qb3 Nxc5 26. bxc5 Be7 27. Rb1 Bc8 28. Qa4 Bg5 29. Bxg5 Qxg5 30. Re3 Qf6 31. Rb2 Rb7 32. Rxb7 Qxf2+ 33. Kh2 Bxb7 34. Rb3 Qxf1 35. Rxb7 Qf4+ 36. Kh1 Qf1+ 37. Kh2 Qf4+ 38. Kh1 Qf1+ 39. Kh2 1/2-1/2

[Event "December 19 Early 2023"]
[Site "https://www.chess.com"]
[Date "2023.12.19"]
[Round "7"]
[White "Rogov, Matfey"]
[Black "Franchini, Gabriele"]
[Result "1-0"]
[Board "163"]
[TimeControl "180+1"]
[WhiteFideId "44191308"]
[BlackFideId "806790"]
[WhiteElo "2057"]
[BlackElo "2215"]
[WhiteTeam "RUS"]
[BlackTeam "ITA"]
[WhiteClock "0:00:10"]
[BlackClock "0:00:01"]

1. Nc3 d5 2. d4 e6 3. e4 Nf6 4. e5 Nfd7 5. f4 c5 6. Nf3 Nc6 7. Be3 cxd4 8. Nxd4 Bc5 9. Qd2 O-O 10. O-O-O a6 11. h4 Nxd4 12. Bxd4 b5 13. Kb1 b4 14. Ne2 a5 15. Qe3 Bxd4 16. Nxd4 Qb6 17. h5 a4 18. g4 Ba6 19. f5 b3 20. cxb3 axb3 21. a3 Qc7 22. Bxa6 Rxa6 23. Rde1 Rfa8 24. f6 gxf6 25. exf6 Kh8 26. g5 Rxa3 27. bxa3 Rxa3 28. Rc1 Ra1+ 29. Kb2 Ra2+ 30. Kxb3 Ra3+ 31. Kxa3 Qa5+ 32. Kb2 Qb4+ 33. Ka2 Nb6 34. Qa3 Qxd4 35. Qf8# 1-0

[Event "December 19 Early 2023"]
[Site "https://www.chess.com"]
[Date "2023.12.19"]
[Round "7"]
[White "Bach, Matthias"]
[Black "Azali, Tannaz"]
[Result "1/2-1/2"]
[Board "164"]
[TimeControl "180+1"]
[WhiteFideId "4603168"]
[BlackFideId "12537721"]
[WhiteElo "2130"]
[BlackElo "1828"]
[WhiteTeam "GER"]
[BlackTeam "IRI"]
[WhiteClock "0:00:07"]
[BlackClock "0:00:16"]

1. d4 Nf6 2. c4 e6 3. Nc3 Bb4 4. Bg5 h6 5. Bh4 g5 6. Bg3 Ne4 7. Qd3 f5 8. Be5 Rg8 9. f3 Nxc3 10. bxc3 Be7 11. g4 d6 12. Bg3 c5 13. gxf5 exf5 14. Bh3 cxd4 15. cxd4 Qa5+ 16. Kf1 Nc6 17. Be1 Qa4 18. Bxf5 Bxf5 19. Qxf5 Qxc4 20. Rd1 Qf7 21. Qxf7+ Kxf7 22. e4 Rad8 23. Ne2 d5 24. e5 Bb4 25. Bg3 Ke6 26. f4 Rdf8 27. Rd3 a5 28. Rf3 Ne7 29. Kg2 g4 30. Rb3 Nf5 31. a3 Bd2 32. Rb6+ Kd7 33. Rxb7+ Kc6 34. Rhb1 Ne3+ 35. Kh1 Nc4 36. R7b5 h5 37. Rc5+ Kd7 38. Rxd5+ Ke6 39. Rc5 Ne3 40. Rb6+ Kf5 41. e6+ Ke4 42. Re5+ Kd3 43. Ng1 h4 44. Bxh4 Rxf4 45. Bg3 Rf1 46. Rb3+ Kc4 47. Rbxe3 Bxe3 48. Rxe3 Kxd4 49. Re2 Re8 50. e7 Kd5 51. Kg2 Rf7 52. Re5+ Kd4 53. Ne2+ Kd3 54. Nf4+ Kc3 55. Nd5+ Kb3 56. Bh4 Kxa3 57. Nc7 Rexe7 58. Rxe7 Rf3 59. Re4 a4 60. Rxg4 Rb3 61. Rg3 Ka2 62. Rxb3 axb3 63. Bf6 b2 64. Bxb2 Kxb2 65. h4 Kc3 66. h5 Kd4 67. h6 Ke5 68. h7 Kf6 69. h8=N 1/2-1/2

[Event "December 19 Early 2023"]
[Site "https://www.chess.com"]
[Date "2023.12.19"]
[Round "7"]
[White "Palmer, Reegan"]
[Black "Namitbir Singh Walia"]
[Result "0-1"]
[Board "165"]
[TimeControl "180+1"]
[WhiteFideId "14322145"]
[BlackFideId "35071068"]
[WhiteElo "1814"]
[BlackElo "2239"]
[WhiteTeam "RSA"]
[BlackTeam "IND"]
[WhiteClock "0:00:00"]
[BlackClock "0:00:17"]

1. e4 c6 2. d4 d5 3. f3 e6 4. Nc3 Bb4 5. Bd2 dxe4 6. Nxe4 Bxd2+ 7. Qxd2 Nf6 8. Qg5 Nxe4 9. Qxd8+ Kxd8 10. fxe4 Ke7 11. Nf3 b6 12. O-O-O Bb7 13. Bc4 f6 14. d5 cxd5 15. exd5 Rc8 16. Bb5 Bxd5 17. Rhe1 Rc5 18. Nd4 a6 19. b4 Rc7 20. Nf5+ Kf8 21. Rxd5 exd5 22. Re8+ Kf7 23. Nd6+ Kg6 24. Bd3+ Kh6 25. h4 g6 26. g4 Rd7 27. Re6 Nc6 28. g5+ fxg5 29. hxg5+ Kg7 30. Nb7 Nxb4 31. Rxb6 Nxd3+ 32. cxd3 Rb8 0-1

[Event "December 19 Early 2023"]
[Site "https://www.chess.com"]
[Date "2023.12.19"]
[Round "7"]
[White "Novak, Ratko"]
[Black "Chemin, Justo Reinaldo"]
[Result "1-0"]
[Board "166"]
[TimeControl "180+1"]
[WhiteFideId "14511827"]
[BlackFideId "2101580"]
[WhiteElo "2036"]
[BlackElo "1940"]
[WhiteTeam "CRO"]
[BlackTeam "BRA"]
[WhiteClock "0:00:48"]
[BlackClock "0:00:00"]

1. d4 d5 2. c4 e6 3. cxd5 exd5 4. Nc3 Nf6 5. f3 Nbd7 6. e4 dxe4 7. fxe4 Bb4 8. Qd3 Qe7 9. e5 c5 10. Be2 cxd4 11. exf6 dxc3 12. bxc3 Qxf6 13. Qe4+ Be7 14. Bb2 O-O 15. Nf3 Nc5 16. Qd4 Qxd4 17. cxd4 Na4 18. Bc1 Bf6 19. Kf2 Nc3 20. Bd3 Bg4 21. Be3 Rfe8 22. Rhc1 Nd5 23. Bg5 Bxf3 24. Bxf6 Bxg2 25. Be5 Bh3 26. Be4 Be6 27. Rg1 g6 28. h4 f5 29. Bf3 Kf7 30. Rab1 b6 31. h5 Rac8 32. hxg6+ hxg6 33. Rh1 Rc2+ 34. Kg3 Nf6 35. Rbc1 Rxc1 36. Rxc1 Re7 37. Rc6 Nd5 38. a3 g5 39. Bh5+ Kf8 40. Bd6 f4+ 41. Kf3 1-0

[Event "December 19 Early 2023"]
[Site "https://www.chess.com"]
[Date "2023.12.19"]
[Round "7"]
[White "Essing, Arnold"]
[Black "Balla, Tamas-Kristof"]
[Result "0-1"]
[Board "167"]
[TimeControl "180+1"]
[WhiteFideId "4619862"]
[BlackFideId "1208497"]
[WhiteElo "2257"]
[BlackElo "2306"]
[WhiteTeam "GER"]
[BlackTeam "ROU"]
[WhiteClock "0:00:15"]
[BlackClock "0:00:30"]

1. d4 d5 2. Nf3 Nf6 3. c4 e6 4. Nc3 c5 5. e3 Nc6 6. a3 a6 7. dxc5 Bxc5 8. b4 Ba7 9. Bb2 O-O 10. Be2 dxc4 11. Bxc4 b5 12. Be2 Bb7 13. O-O Rc8 14. Qb3 Qc7 15. Rac1 Bb8 16. g3 Ne5 17. Nd4 Nc4 18. a4 Nd2 19. Qa2 Nxf1 20. Bxf1 bxa4 21. Nxa4 Qe5 22. Nc5 Bd5 23. Qxa6 Rxc5 24. bxc5 Qe4 25. f3 Qxe3+ 26. Kg2 Ng4 27. Qe2 Qh6 28. h4 Qg6 29. c6 Ne3+ 30. Qxe3 Qxg3+ 31. Kh1 Qh2# 0-1

[Event "December 19 Early 2023"]
[Site "https://www.chess.com"]
[Date "2023.12.19"]
[Round "7"]
[White "Spichkin, Alexander"]
[Black "Arshiya Das"]
[Result "1-0"]
[Board "168"]
[TimeControl "180+1"]
[WhiteFideId "4144074"]
[BlackFideId "25652150"]
[WhiteElo "1955"]
[BlackElo "1481"]
[WhiteTeam "RUS"]
[BlackTeam "IND"]
[WhiteClock "0:01:39"]
[BlackClock "0:01:05"]

1. f4 g6 2. Nf3 Bg7 3. d3 b6 4. e4 Bb7 5. Be2 e6 6. O-O d6 7. Nc3 Ne7 8. Qe1 Nd7 9. Qh4 h6 10. Qg3 a6 11. Be3 O-O 12. Rae1 Kh7 13. Qh3 Kg8 14. f5 exf5 15. Bxh6 fxe4 16. Ng5 Nf6 17. dxe4 Qc8 18. Qh4 b5 19. Bxg7 Kxg7 20. Rxf6 Kxf6 21. Rf1+ Nf5 22. exf5 Rh8 23. fxg6+ Kxg6 24. Bd3+ f5 25. Qg3 Rf8 26. Ne6+ Kf6 27. Nxf8 Kf7 28. Rxf5+ Ke8 29. Qg6+ Ke7 30. Rf7+ Kd8 31. Ne6+ Qxe6 32. Qxe6 Bc6 33. Qe7+ Kc8 34. Qxc7# 1-0

[Event "December 19 Early 2023"]
[Site "https://www.chess.com"]
[Date "2023.12.19"]
[Round "7"]
[White "Mizzi, Jack"]
[Black "Kiseleva, Arina"]
[Result "1-0"]
[Board "169"]
[TimeControl "180+1"]
[WhiteFideId "5602521"]
[BlackFideId "4164989"]
[WhiteElo "2127"]
[BlackElo "1740"]
[WhiteTeam "MLT"]
[BlackTeam "RUS"]
[WhiteClock "0:00:53"]
[BlackClock "0:00:01"]

1. d4 Nf6 2. c4 e6 3. g3 Bb4+ 4. Nd2 O-O 5. Bg2 d6 6. Nf3 a5 7. O-O Bxd2 8. Bxd2 Ne4 9. Qc2 Nxd2 10. Qxd2 b6 11. Qd3 Bb7 12. Ng5 Qxg5 13. Bxb7 Ra7 14. Bg2 f5 15. f4 Qf6 16. e4 Nc6 17. e5 Nb4 18. Qd2 dxe5 19. dxe5 Qd8 20. Qxd8 Rxd8 21. Rad1 Rxd1 22. Rxd1 Nxa2 23. Rd8+ Kf7 24. Rd7+ Kf8 25. Bd5 exd5 26. cxd5 Nb4 27. d6 Nd5 28. e6 Ra8 29. dxc7 Nxc7 30. Rxc7 b5 31. Rf7+ Kg8 32. Rxf5 b4 33. Rb5 Kf8 34. Rb7 h6 35. Kg2 a4 36. Rxb4 Ke7 37. f5 Kf6 38. g4 a3 39. bxa3 Rxa3 40. h4 Re3 41. Rb7 Re2+ 42. Kf3 Re1 43. Rf7+ Ke5 44. Rxg7 Rf1+ 45. Ke2 Rg1 46. e7 Kf6 47. e8=Q Kxg7 48. Qg6+ Kf8 49. f6 Rg2+ 50. Kf3 h5 51. Qg7+ Ke8 52. Qe7# 1-0

[Event "December 19 Early 2023"]
[Site "https://www.chess.com"]
[Date "2023.12.19"]
[Round "7"]
[White "Ovezdurdyyeva, Jemal"]
[Black "Piddubna, Bozhena"]
[Result "0-1"]
[Board "170"]
[TimeControl "180+1"]
[WhiteFideId "14001888"]
[BlackFideId "34109293"]
[WhiteElo "2086"]
[BlackElo "1874"]
[WhiteTeam "TKM"]
[BlackTeam "UKR"]
[WhiteClock "0:02:25"]
[BlackClock "0:01:31"]

1. e4 e5 2. Nf3 Nc6 3. Bc4 Nf6 4. d3 h6 5. O-O d6 6. h3 g5 7. c3 g4 8. hxg4 Bxg4 9. Qb3 Qd7 10. Nh2 Na5 11. Qb5 Nxc4 12. Qxc4 Be6 13. Qb4 c6 14. d4 d5 15. Qa4 Nxe4 16. dxe5 Rg8 17. f3 Bc5+ 18. Kh1 Ng3# 0-1

[Event "December 19 Early 2023"]
[Site "https://www.chess.com"]
[Date "2023.12.19"]
[Round "7"]
[White "Matveeva, Olga"]
[Black "Quirke, Jeffrey"]
[Result "1-0"]
[Board "171"]
[TimeControl "180+1"]
[WhiteFideId "24107018"]
[BlackFideId "2013029"]
[WhiteElo "1883"]
[BlackElo "2162"]
[WhiteTeam "RUS"]
[BlackTeam "USA"]
[WhiteClock "0:00:13"]
[BlackClock "0:00:00"]

1. d4 e6 2. c4 b6 3. Nc3 Bb7 4. e3 Bb4 5. Ne2 f5 6. a3 Be7 7. Nf4 Nf6 8. Be2 O-O 9. O-O c5 10. d5 e5 11. Nh5 d6 12. f4 e4 13. b3 a6 14. a4 Nbd7 15. Bb2 Nxh5 16. Bxh5 Bf6 17. Qc2 Qe7 18. Kh1 g6 19. Be2 Rfe8 20. g4 Kf7 21. gxf5 gxf5 22. Bh5+ Kf8 23. Bxe8 Rxe8 24. Rg1 Qf7 25. Qg2 Ke7 26. a5 Nf8 27. axb6 Ng6 28. Qh3 Bh8 29. Na4 Bxb2 30. Nxb2 Kd8 31. Rg5 Rf8 32. Na4 Bc8 33. Rag1 Rg8 34. b4 cxb4 35. c5 dxc5 36. Nxc5 Qxd5 37. Qxh7 b3 38. b7 Bxb7 39. Nxb7+ Kc8 40. Rxg6 Rxg6 41. Qxg6 Kxb7 42. Qg7+ Kb6 43. Qf6+ Kb5 44. Qe5 Qxe5 45. fxe5 a5 46. e6 Kc6 47. h4 a4 48. h5 a3 49. h6 b2 50. h7 a2 51. h8=Q b1=Q 52. Qc3+ Kd6 53. Qd4+ Kxe6 54. Qc4+ Kd6 55. Qa6+ Kd5 56. Qa5+ 1-0

[Event "December 19 Early 2023"]
[Site "https://www.chess.com"]
[Date "2023.12.19"]
[Round "7"]
[White "Negron Lizarazo, Juan Sebastian"]
[Black "Bon, Michael"]
[Result "1-0"]
[Board "172"]
[TimeControl "180+1"]
[WhiteFideId "3936910"]
[BlackFideId "620696"]
[WhiteElo "1647"]
[BlackElo "2393"]
[WhiteTeam "COL"]
[BlackTeam "FRA"]
[WhiteClock "0:00:02"]
[BlackClock "0:00:39"]

1. e4 e6 2. d4 d5 3. e5 c5 4. c3 Nc6 5. Nf3 Qb6 6. a3 Nge7 7. dxc5 Qc7 8. Bf4 Ng6 9. Bg3 Bxc5 10. Bb5 Bd7 11. Bxc6 Bxc6 12. O-O a5 13. Nbd2 a4 14. Qc1 Bb5 15. c4 dxc4 16. Qc3 Ba6 17. Rac1 b5 18. Ne4 O-O 19. Rfd1 Bb7 20. Nxc5 Qxc5 21. b4 axb3 22. Qxb3 Rxa3 23. Qb2 Rfa8 24. Rd7 Qc6 25. Rd6 Qe4 26. Rcd1 h6 27. Rd7 Rxf3 28. gxf3 Qxf3 29. Rd8+ Kh7 30. Kf1 Qg2+ 31. Ke1 Rxd8 32. Rxd8 Qh1+ 33. Kd2 Bf3 34. Qxb5 Qd1+ 35. Ke3 Qd3+ 36. Rxd3 cxd3 37. Kxd3 Bd5 38. Ke3 Ne7 39. Qd3+ Nf5+ 40. Kd2 g6 41. Bf4 Nh4 42. Qa6 Nf3+ 43. Ke2 g5 44. Ke3 gxf4+ 45. Kxf4 Kg6 46. Qd3+ Kg7 47. h4 Nxh4 48. Kg3 Ng6 49. Qd2 Nxe5 50. Qd4 f6 51. f4 Nf3 52. Qa7+ Kg6 53. Qb8 Kf5 54. Qh8 Kg6 55. Qg8+ Kf5 56. Qh7# 1-0

[Event "December 19 Early 2023"]
[Site "https://www.chess.com"]
[Date "2023.12.19"]
[Round "7"]
[White "Brandao, Marcius Gomes"]
[Black "Wael Sabry, Mina"]
[Result "0-1"]
[Board "173"]
[TimeControl "180+1"]
[WhiteFideId "2124980"]
[BlackFideId "10670173"]
[WhiteElo "2098"]
[BlackElo "1861"]
[WhiteTeam "BRA"]
[BlackTeam "EGY"]
[WhiteClock "0:00:00"]
[BlackClock "0:00:46"]

1. d4 Nf6 2. c4 g6 3. Nc3 Bg7 4. e4 d6 5. f4 O-O 6. Nf3 c5 7. d5 e5 8. dxe6 fxe6 9. Bd3 Nc6 10. O-O e5 11. f5 Nd4 12. Bg5 h6 13. Bxf6 Qxf6 14. Nd5 Qd8 15. Nxd4 exd4 16. fxg6 Be6 17. Qh5 Bxd5 18. Qxd5+ Kh8 19. Qh5 Qg5 20. Qxg5 hxg5 21. Rxf8+ Rxf8 22. Rf1 Rf6 23. g3 Kg8 24. h4 Rxf1+ 25. Kxf1 Be5 26. Kg2 Kg7 27. h5 g4 28. Be2 d3 29. Bxg4 Bxb2 30. Kf3 Bd4 31. Kg2 b5 32. cxb5 c4 33. Kf1 c3 34. Ke1 Be3 35. Bd1 c2 0-1

[Event "December 19 Early 2023"]
[Site "https://www.chess.com"]
[Date "2023.12.19"]
[Round "7"]
[White "Leve, Nitai"]
[Black "Feliz Dotel, Dewar Bienvenido"]
[Result "0-1"]
[Board "174"]
[TimeControl "180+1"]
[WhiteFideId "2006898"]
[BlackFideId "6402801"]
[WhiteElo "2144"]
[BlackElo "2069"]
[WhiteTeam "USA"]
[BlackTeam "DOM"]
[WhiteClock "0:00:00"]
[BlackClock "0:00:47"]

1. e4 c5 2. Nf3 Nc6 3. d4 cxd4 4. Nxd4 g6 5. Nc3 Bg7 6. Be3 Nf6 7. Be2 O-O 8. f4 d5 9. e5 Ne4 10. Nxe4 dxe4 11. Nxc6 bxc6 12. Kf2 Qc7 13. Qd4 Bf5 14. g4 Be6 15. Rhd1 Rfd8 16. Qxe4 Bd5 17. Qa4 e6 18. c4 Be4 19. Rxd8+ Rxd8 20. Qxa7 Qxa7 21. Bxa7 Rd2 22. Ke3 Rxb2 23. a4 g5 24. fxg5 Bxe5 25. a5 Rb3+ 26. Kxe4 Bxa1 27. Bc5 Rb2 28. Bf3 Ra2 0-1

[Event "December 19 Early 2023"]
[Site "https://www.chess.com"]
[Date "2023.12.19"]
[Round "7"]
[White "Navyblue1"]
[Black "Topalov, Aleksandar"]
[Result "0-1"]
[Board "175"]
[TimeControl "180+1"]
[BlackFideId "925659"]
[WhiteElo "2084"]
[BlackElo "2151"]
[BlackTeam "SRB"]
[WhiteClock "0:00:00"]
[BlackClock "0:00:45"]

1. d4 Nf6 2. c4 c5 3. d5 d6 4. Nc3 g6 5. e4 Bg7 6. f4 O-O 7. Nf3 e6 8. Be2 exd5 9. exd5 Nh5 10. O-O Bxc3 11. bxc3 f5 12. Ng5 Ng7 13. Bd3 Re8 14. Re1 Nd7 15. Bd2 Nf6 16. Qb3 b6 17. Rxe8+ Qxe8 18. Re1 Qf8 19. Qd1 Bd7 20. Re2 Re8 21. Qe1 h6 22. Nf3 Rxe2 23. Qxe2 Kf7 24. Nh4 Qc8 25. Qf2 Ngh5 26. Qe2 Qa6 27. Bc1 Qa5 28. Qc2 Ba4 29. Qb2 Bd7 30. Nf3 Qa4 31. Qc2 Qxc2 32. Bxc2 b5 33. cxb5 Bxb5 34. g3 Nxd5 35. Bd2 Bc4 36. a3 Nhf6 37. Ne1 Ne4 38. Bxe4 fxe4 39. Kf2 h5 40. Nc2 Nf6 41. Ne3 Be6 42. c4 Nd7 43. Bc3 Nb6 44. h4 Nxc4 45. Nxc4 Bxc4 46. Ke3 d5 47. Be5 Ke6 48. Bb8 Bd3 49. Bxa7 d4+ 50. Kd2 Kd5 51. a4 c4 52. a5 c3+ 53. Kc1 Ba6 54. Bb6 Kc4 55. Bc7 d3 56. Be5 Bb5 0-1

[Event "December 19 Early 2023"]
[Site "https://www.chess.com"]
[Date "2023.12.19"]
[Round "7"]
[White "Bach Ngoc Thuy Duong"]
[Black "Dominguez Rincon, Miller Duvan"]
[Result "1-0"]
[Board "176"]
[TimeControl "180+1"]
[WhiteFideId "12408956"]
[BlackFideId "4406583"]
[WhiteElo "1970"]
[BlackElo "1960"]
[WhiteTeam "VIE"]
[BlackTeam "COL"]
[WhiteClock "0:00:07"]
[BlackClock "0:00:00"]

1. d4 d5 2. c4 e6 3. Nc3 Nf6 4. cxd5 exd5 5. Bg5 Be7 6. e3 O-O 7. Bd3 Nbd7 8. Nf3 Re8 9. Qc2 Nf8 10. O-O g6 11. Ne5 Ne6 12. Bh4 Ng7 13. Qb3 c6 14. Rad1 Qb6 15. Qc2 Nf5 16. Bg5 Nd6 17. Na4 Qa5 18. a3 Bf5 19. Nc5 Qc7 20. Bxf5 Nxf5 21. Qb3 Bxc5 22. Bxf6 Be7 23. Bxe7 Rxe7 24. Rc1 Rae8 25. Qa4 Qb8 26. b4 Nd6 27. Qb3 f6 28. Nd3 Kg7 29. Nf4 Nc4 30. b5 Nd2 31. Qb2 Nxf1 32. Kxf1 Qd6 33. a4 Rc7 34. b6 axb6 35. Qxb6 Rce7 36. Rc5 Ra8 37. Nxd5 Rd7 38. Nc3 Qxh2 39. a5 Qh1+ 40. Ke2 Qh5+ 41. f3 Qh2 42. Kf2 Qh4+ 43. Ke2 Qg3 44. Kf1 Re8 45. Ne2 Qd6 46. e4 Red8 47. Kf2 Qe6 48. a6 bxa6 49. Rxc6 Qa2 50. d5 a5 51. Rc7 a4 52. Qc6 1-0

[Event "December 19 Early 2023"]
[Site "https://www.chess.com"]
[Date "2023.12.19"]
[Round "7"]
[White "Zepeda Berlanga, Jan Enrique"]
[Black "Fonseca Manrique, Enrique"]
[Result "0-1"]
[Board "177"]
[TimeControl "180+1"]
[WhiteFideId "5132355"]
[BlackFideId "5114330"]
[WhiteElo "1680"]
[BlackElo "2133"]
[WhiteTeam "MEX"]
[BlackTeam "MEX"]
[WhiteClock "0:00:00"]
[BlackClock "0:00:34"]

1. c4 e5 2. Nc3 Nf6 3. Nf3 Nc6 4. g3 Bb4 5. Bg2 O-O 6. O-O d6 7. d3 h6 8. a3 Bxc3 9. bxc3 Re8 10. Qc2 Be6 11. Rd1 Qc8 12. Rb1 Rb8 13. Qa4 a6 14. d4 Bf5 15. Rb2 Bd7 16. Qc2 e4 17. Ne1 Na5 18. f3 exf3 19. Bxf3 Nxc4 20. Rb4 d5 21. Bf4 Bf5 22. Nd3 Nxa3 23. Qb3 Nb5 24. Bxd5 Nxd5 25. Qxd5 Be4 26. Qc5 Qh3 27. Ne1 Rbd8 28. c4 b6 0-1

[Event "December 19 Early 2023"]
[Site "https://www.chess.com"]
[Date "2023.12.19"]
[Round "7"]
[White "Hoffmann, Asa"]
[Black "Santos, Isaque Goncalves"]
[Result "1-0"]
[Board "178"]
[TimeControl "180+1"]
[WhiteFideId "2001470"]
[BlackFideId "2103885"]
[WhiteElo "2117"]
[BlackElo "1901"]
[WhiteTeam "USA"]
[BlackTeam "BRA"]
[WhiteClock "0:00:46"]
[BlackClock "0:00:03"]

1. d4 d5 2. Bg5 h6 3. Bh4 g5 4. Bg3 Bg7 5. e3 Nd7 6. c4 c6 7. Nc3 Ngf6 8. Nf3 Qa5 9. Qd2 g4 10. Ne5 Nh5 11. Nxg4 Nxg3 12. hxg3 Nb6 13. Ne5 Bxe5 14. dxe5 dxc4 15. Qd4 c5 16. Qf4 Be6 17. O-O-O Na4 18. Rxh6 Rf8 19. Rxe6 fxe6 20. Qxc4 Nxc3 21. bxc3 Rxf2 22. Be2 Qa3+ 23. Kb1 Rc8 24. Qxe6 Rd8 25. Qg8+ Rf8 26. Bh5# 1-0

[Event "December 19 Early 2023"]
[Site "https://www.chess.com"]
[Date "2023.12.19"]
[Round "7"]
[White "Shapiro, Daniel"]
[Black "Hrebenshchykova, Yelyzaveta"]
[Result "0-1"]
[Board "179"]
[TimeControl "180+1"]
[WhiteFideId "2001780"]
[BlackFideId "14159899"]
[WhiteElo "2302"]
[BlackElo "2045"]
[WhiteTeam "USA"]
[BlackTeam "UKR"]
[WhiteClock "0:01:38"]
[BlackClock "0:01:15"]

1. d4 Nf6 2. c4 g6 3. Nc3 Bg7 4. e4 d6 5. Be2 O-O 6. Nf3 e5 7. O-O Nc6 8. d5 Ne7 9. a4 a5 10. Ne1 Nd7 11. Nd3 b6 12. b3 f5 13. f3 f4 14. Ba3 g5 15. b4 axb4 16. Bxb4 h5 17. a5 bxa5 18. Bxa5 Ba6 19. Nb4 Nc5 20. Nxa6 Nxa6 21. Nb5 Qd7 22. c5 Nxc5 23. Bxc7 Rxa1 24. Qxa1 Nc8 25. Qa6 Nxa6 0-1

[Event "December 19 Early 2023"]
[Site "https://www.chess.com"]
[Date "2023.12.19"]
[Round "7"]
[White "Serra Canals, Oriol"]
[Black "Larina, Maria"]
[Result "1-0"]
[Board "181"]
[TimeControl "180+1"]
[WhiteFideId "22276084"]
[BlackFideId "24113182"]
[WhiteElo "2108"]
[BlackElo "1848"]
[WhiteTeam "ESP"]
[BlackTeam "FID"]
[WhiteClock "0:00:19"]
[BlackClock "0:00:22"]

1. d4 f5 2. c4 Nf6 3. g3 g6 4. Bg2 Bg7 5. Nf3 O-O 6. O-O d6 7. Nc3 Nc6 8. d5 Ne5 9. Nd4 Bd7 10. b3 Rc8 11. Bb2 c6 12. dxc6 bxc6 13. Qc2 Kh8 14. Rad1 Qe8 15. h3 Nf7 16. f4 Nh5 17. Kh2 e5 18. fxe5 dxe5 19. Nf3 e4 20. Ng1 Qe5 21. Na4 Qxg3+ 22. Kh1 Ne5 23. e3 Rcd8 24. Nc5 Bc8 25. Rxd8 Rxd8 26. Bd4 Qh4 27. Ne2 Rxd4 28. exd4 Ng4 29. Nf4 Ne3 30. Qf2 Qxf4 31. Qxf4 Nxf4 32. Rxf4 Bxd4 33. Nxe4 Be5 34. Rf3 Nxg2 35. Kxg2 Bb7 36. Nc5 Bc8 37. Re3 Bd6 38. Re8+ Kg7 39. Rxc8 Bxc5 40. Rxc6 Bd4 41. c5 a5 42. Kf3 g5 43. Rc7+ Kg6 44. Ra7 Bc3 45. c6 Be5 46. c7 Bxc7 47. Rxc7 h5 48. Rc6+ Kf7 49. Rc5 g4+ 50. hxg4 hxg4+ 51. Kf4 Ke6 52. Rxf5 a4 53. bxa4 Kd6 54. Kxg4 Kc6 55. Kf4 Kb6 56. Ke4 Kc6 57. Kd4 Kb6 58. Kc4 Kc6 59. Rf6+ Kd7 60. Kd5 Ke7 61. Rb6 Kd7 62. Rb7+ Kc8 63. Kc6 Kd8 64. Ra7 Kc8 65. Ra8# 1-0